Map: Sequencer LE

Players

TRUE

  • Race: Zerg Zerg
  • Spawn Location: 7:00

Scarlett - Winner!

  • Race: Zerg Zerg
  • Spawn Location: 1:00

Event: WCS Jonkoping 2017

VOD

Have the link to the VOD?

Description

Time

  • Played on: June 17, 2017, 1:49 p.m.
  • Length: 12:23

All games in this series

Show
View Real Time Build Order
Export as new Build Order

TRUE Zerg 

Build Orders: Hatch First 

Get SALT Encoding   

  12  0:00  Drone  
  13  0:12  Overlord  
  13  0:16  Drone  
  14  0:30  Drone  
  14  0:31  Drone  
  14  0:34  Drone  
  17  0:52  Hatchery  
  16  0:57  Drone  
  17  1:09  Spawning Pool  
  17  1:11  Extractor  
  15  1:13  Drone  
  15  1:18  Drone  
  17  1:21  Drone  
  18  1:28  Drone  
  19  1:38  Overlord  
  19  1:56  Queen  
  19  2:00  Zergling x2  
  22  2:03  Queen  
  24  2:11  Metabolic Boost  
  24  2:18  Zergling x2  
  25  2:24  Zergling x2  
  25  2:28  Drone x4  
  30  2:31  Drone  
  32  2:37  Drone  
  32  2:44  Drone  
  32  2:47  Drone  
  34  2:54  Hatchery  
  33  2:59  Drone  
  33  3:00  Drone  
  34  3:06  Baneling Nest, Drone  
  34  3:09  Drone  
  35  3:14  Overlord  
  35  3:32  Queen  
  37  3:39  Queen  
  39  3:47  Zergling x4  
  39  3:48  Zergling x4  
  43  3:50  Baneling x4  
  43  4:01  Overlord  
  41  4:03  Overlord  
  41  4:04  Overlord  
  38  4:10  Drone x5  
  38  4:11  Drone x2  
  38  4:17  Drone x3  
  46  4:18  Drone  
  46  4:19  Drone  
  46  4:24  Drone x4  
  51  4:27  Baneling  
  51  4:28  Drone  
  54  4:31  Drone  
  54  4:36  Evolution Chamber  
  54  4:37  Extractor, Overlord  
  53  4:39  Drone  
  53  4:41  Extractor  
  53  4:43  Zergling x2  
  54  4:48  Drone  
  51  4:53  Zergling x2  
  51  4:55  Zergling x2, Drone  
  51  4:56  Zergling x6  
  51  4:59  Overlord  
  57  5:02  Baneling  
  57  5:03  Baneling  
  56  5:08  Lair, Drone x3  
  56  5:09  Drone  
  56  5:11  Queen, Drone  
  63  5:20  Roach Warren  
  62  5:24  Zerg Missile Weapons Level 1  
  62  5:25  Drone x4  
  62  5:26  Drone  
  67  5:29  Extractor, Drone  
  67  5:31  Drone x2  
  67  5:33  Drone  
  65  5:39  Zergling x4  
  65  5:40  Drone  
  67  5:44  Overlord  
  67  5:48  Overlord  
  67  5:52  Zergling x2  
  67  5:54  Zergling x4  
  70  6:01  Baneling x2  
  69  6:08  Glial Reconstitution  
  69  6:12  Roach x5  
  69  6:13  Extractor, Roach  
  69  6:17  Drone  
  69  6:18  Drone  
  82  6:19  Unknown, Drone  
  82  6:25  Hatchery  
  82  6:29  Overlord  
  81  6:33  Drone x3, Roach  
  81  6:36  Roach x3, Overlord  
  81  6:37  Infestation Pit  
  81  6:39  Overlord  
  91  6:42  Overlord  
  91  6:43  Overlord  
  91  6:55  Zergling x10  
  91  6:56  Queen x3  
  102  7:02  Zergling x10  
  102  7:05  Zergling x6  
  110  7:12  Zergling x2  
  110  7:13  Zergling x4  
  113  7:18  Pathogen Glands  
  113  7:24  Spore Crawler  
  113  7:25  Spore Crawler  
  113  7:28  Zerg Missile Weapons Level 2, Spore Crawler  
  110  7:30  Zergling x12  
  105  7:45  Zergling x16  
  105  7:49  Burrow  
  107  7:56  Infestor x3  
  107  7:57  Infestor  
  98  7:59  Queen x2  
  100  8:06  Infestor x2  
  100  8:09  Drone  
  100  8:10  Drone x5  
  109  8:13  Infestor  
  109  8:16  Queen  
  108  8:25  Infestor  
  110  8:31  Extractor  
  110  8:32  Zergling x18  
  118  8:41  Zergling x2  
  118  8:42  Zergling x6  
  118  8:45  Infestor, Zergling x2  
  118  8:46  Zergling x2  
  110  8:53  Infestor  
  111  8:57  Infestor  
  111  9:00  Drone  
  111  9:01  Drone  
  113  9:12  Hydralisk Den  
  113  9:13  Drone x4  
  113  9:16  Overlord  
  116  9:20  Overlord  
  116  9:24  Roach  
  116  9:25  Roach  
  116  9:26  Roach x5  
  116  9:28  Roach x2  
  116  9:29  Drone  
  125  9:31  Drone x2  
  125  9:36  Overlord  
  125  9:37  Unknown, Drone  
  128  9:42  Drone  
  128  9:43  Drone x4  
  133  9:45  Zerg Ground Armor Level 1  
  133  9:49  Hydralisk, Muscular Augments  
  133  9:52  Hydralisk  
  137  9:57  Hydralisk x2  
  141  10:04  Overlord  
  141  10:05  Drone x3  
  143  10:18  Roach x7  
  148  10:22  Roach x2  
  148  10:23  Roach  
  148  10:26  Roach  
  147  10:30  Roach  
  147  10:31  Roach  
  147  10:32  Roach x2  
  152  10:40  Roach  
  152  10:41  Ravager  
  152  10:42  Ravager, Overlord  
  153  10:43  Overlord  
  147  10:51  Overseer  
  147  10:57  Ravager x4  
  133  10:58  Roach  
  133  10:59  Roach x2  
  139  11:08  Roach  
  139  11:09  Roach x2  
  143  11:12  Ravager  
  77  11:28  Roach x7  
  77  11:34  Roach  
  77  11:35  Roach  
  77  11:39  Roach  
  79  11:45  Roach x2  
Show
View Real Time Build Order
Export as new Build Order

Scarlett Zerg - Winner!

Build Orders: Hatch First, Lurkers 

Get SALT Encoding   

  12  0:00  Drone  
  13  0:14  Overlord  
  13  0:19  Drone  
  14  0:33  Drone x2  
  16  0:36  Drone  
  17  0:53  Hatchery  
  17  0:55  Drone  
  17  0:58  Drone  
  18  1:05  Extractor  
  17  1:13  Spawning Pool  
  17  1:17  Drone  
  17  1:20  Drone  
  18  1:29  Drone  
  19  1:42  Drone  
  20  1:52  Overlord  
  20  1:59  Queen  
  22  2:04  Queen  
  22  2:05  Zergling x2  
  22  2:06  Metabolic Boost  
  25  2:11  Spine Crawler  
  25  2:14  Zergling x2  
  25  2:17  Drone  
  26  2:28  Drone x3  
  30  2:40  Queen, Overlord  
  32  2:45  Drone x2  
  34  2:59  Hatchery  
  34  3:04  Baneling Nest  
  32  3:05  Drone  
  32  3:10  Zergling x4  
  34  3:15  Zergling x4  
  34  3:18  Zergling x2  
  37  3:20  Drone  
  38  3:28  Drone x2  
  38  3:29  Overlord  
  40  3:36  Drone x2  
  42  3:45  Drone  
  42  3:46  Overlord  
  43  3:50  Baneling x2  
  43  3:58  Zergling x2  
  43  3:59  Zergling x4  
  43  4:01  Drone x4  
  49  4:07  Zergling x2  
  49  4:16  Drone x5  
  52  4:20  Baneling x2  
  52  4:21  Baneling  
  52  4:25  Drone x3  
  52  4:28  Extractor  
  54  4:32  Evolution Chamber  
  54  4:34  Queen  
  54  4:35  Drone x5  
  60  4:43  Drone x3  
  62  4:54  Drone  
  62  4:55  Drone  
  62  4:56  Lair  
  64  5:00  Extractor x3  
  64  5:01  Zerg Melee Weapons Level 1  
  64  5:03  Zergling x8  
  62  5:08  Drone  
  62  5:09  Drone  
  64  5:15  Zergling x4  
  64  5:17  Overlord x3  
  66  5:33  Hatchery  
  64  5:36  Drone x4  
  67  5:44  Drone x7  
  67  5:49  Drone x5  
  78  5:54  Overseer, Spire  
  76  6:08  Drone x8  
  76  6:11  Overlord  
  83  6:16  Evolution Chamber, Overlord  
  83  6:18  Roach Warren  
  81  6:30  Zergling x12  
  85  6:45  Hydralisk Den  
  83  7:02  Overlord x2  
  83  7:05  Mutalisk x4  
  83  7:06  Mutalisk x8  
  83  7:08  Drone x5  
  112  7:10  Overlord  
  112  7:11  Extractor  
  112  7:12  Extractor  
  110  7:16  Mutalisk, Spine Crawler  
  110  7:18  Spine Crawler x2  
  110  7:19  Zergling x2, Spine Crawler  
  110  7:20  Zergling x6  
  112  7:22  Mutalisk  
  112  7:26  Zergling x4  
  116  7:33  Queen  
  116  7:35  Zergling x14  
  122  7:44  Lurker Den  
  105  7:55  Mutalisk x2  
  105  7:57  Zergling x12  
  105  7:58  Zergling x14  
  108  8:05  Drone  
  109  8:06  Queen  
  109  8:09  Mutalisk  
  109  8:11  Zerg Flyer Weapons Level 1  
  112  8:15  Zergling x8  
  113  8:20  Mutalisk x2  
  113  8:22  Zergling x6  
  120  8:37  Zerg Missile Weapons Level 1  
  108  8:48  Hydralisk  
  108  8:49  Hydralisk x8  
  108  8:53  Hydralisk  
  126  9:04  Overlord  
  126  9:05  Overlord x3  
  126  9:07  Hydralisk  
  128  9:18  Overseer  
  120  9:32  Lurker x7  
  120  9:35  Zergling x18  
  136  9:40  Overseer  
  136  9:44  Zergling x10  
  141  9:50  Lurker  
  141  9:51  Zergling x8  
  146  10:01  Lurker x2  
  146  10:02  Lurker, Baneling  
  146  10:03  Baneling x3  
  146  10:04  Zergling x8  
  153  10:17  Overseer  
  151  10:32  Overlord x7  
  140  11:02  Zergling x2  
  140  11:03  Zergling x24  
  152  11:07  Zergling x2  
  152  11:08  Overseer, Zergling x4  
  136  11:23  Hatchery  
  131  11:31  Overseer  
  131  11:32  Overlord x3  
  93  11:53  Overseer  
Tags
 
Add a new tag
Caveats
  • Supply blocks, unpowered buildings, or Contaminate may cause inaccurate times.
  • Supply counts are checked every 10 seconds.